 Dungeon Crawl Stone Soup version 0.24-a0-194-g9bee6eb (console) character file.

Game seed: 9598924919765708322

2307 Duffy the Chopper (level 9, 68/68 HPs)
             Began as a Naga Wizard on Mar 18, 2019.
             Was an Elder of Cheibriados.
             Quit the game on level 5 of the Dungeon.
             The game lasted 00:10:53 (9047 turns).

Duffy the Chopper (Naga Wizard)                     Turns: 9047, Time: 00:10:54

Health: 68/68      AC:  9    Str: 20    XL:     9   Next: 41%
Magic:  15/15      EV: 10    Int: 30    God:    Cheibriados [****..]
Gold:   20         SH:  0    Dex: 18    Spells: 7/16 levels left

rFire    + . .     SeeInvis +   L - +0 exec axe {drain, -Tele *Slow rC+ MR+ SInv} (curse)
rCold    . . .     Gourm    .   (shield currently unavailable)
rNeg     . . .     Faith    .   a - +0 robe
rPois    +         Spirit   .   t - +2 helmet
rElec    .         Reflect  .   m - +0 cloak
rCorr    .         Harm     .   s - +0 pair of gloves
MR       ++...     NoTele   +   (no barding)
Stlth    ++........             B - amulet of the acrobat
HPRegen  0.21/turn              o - ring of flight
MPRegen  0.14/turn              w - ring of fire

@: very slow
A: large, see invisible, deformed body, poison resistance, slowness 2, slow
metabolism 1, spit poison 1, AC +3
a: Spit Poison, Bend Time, Temporal Distortion, Slouch, Renounce Religion, Evoke
Flight


You were on level 5 of the Dungeon.
You worshipped Cheibriados.
Cheibriados was greatly pleased with you.
You were not hungry.

You visited 1 branch of the dungeon, and saw 8 of its levels.
You also visited: Sewer.

You collected 335 gold pieces.
You spent 315 gold pieces at shops.

Inventory:

Hand Weapons
 b - a +0 blowgun
 n - the +2 spear of Eternal Harmony {elec, rF+ rN+ Dex-4}
   (You found it on level 5 of the Dungeon)

   Occasionally, upon striking a foe, it will discharge some electrical energy
   and cause terrible harm.
   It affects your dexterity (-4).
   It protects you from fire.
   It protects you from negative energy.
 u - a +0 war axe
 L - the cursed +0 executioner's axe "Meumaxku" (weapon) {drain, -Tele *Slow rC+ MR+ SInv}
   (You bought it in a shop on level 5 of the Dungeon)

   A truly terrible weapon, it drains the life of those it strikes.
   It protects you from cold.
   It affects your resistance to hostile enchantments.
   It lets you see invisible.
   It prevents most forms of teleportation.
   It may slow you when you take damage.
   It has a curse placed upon it.
Armour
 a - a +0 robe (worn)
 m - a +0 cloak (worn)
 s - a +0 pair of gloves (worn)
 t - a +2 helmet (worn)
 y - a +0 buckler
 K - the cursed +1 robe "Hero's Friend" {rC- MR+++ rCorr, unknown}
   (You found it on level 7 of the Dungeon)

   It makes you vulnerable to cold.
   It affects your resistance to hostile enchantments.
   It provides partial protection from all sources of acid and corrosion.
   It has a curse placed upon it.
Jewellery
 o - a ring of flight (left hand)
 w - a ring of fire (right hand)
 B - an amulet of the acrobat (around neck)
Wands
 A - a wand of acid (5)
 D - a wand of flame (18)
 F - a wand of paralysis (7)
 H - a wand of iceblast (8)
 I - a wand of clouds (2)
 J - a wand of enslavement (10)
Scrolls
 f - a scroll of fear
 g - a scroll of enchant weapon
 h - 3 scrolls of blinking
 i - 2 scrolls of amnesia
 l - 3 scrolls of remove curse
 r - 2 scrolls of magic mapping
 z - a scroll of noise {unknown}
 E - 2 scrolls of teleportation
Potions
 c - 2 potions of invisibility
 e - 8 potions of curing
 j - 2 potions of flight
 k - a potion of resistance {unknown}
 p - 2 potions of cancellation {unknown}
 q - a potion of agility
 v - 3 potions of ambrosia {unknown}
 x - a potion of mutation {unknown}
 C - 4 potions of heal wounds
 G - 2 potions of lignification {unknown}
Comestibles
 d - 12 rations


   Skills:
 + Level 7.2 Axes
 - Level 1.5 Dodging
 - Level 3.0 Stealth
 - Level 2.4 Shields
 - Level 4.0 Spellcasting
 - Level 3.0 Conjurations
   Level 1.0 Summonings
 - Level 1.0 Translocations
 - Level 2.1 Fire Magic
 - Level 2.0 Air Magic
 - Level 2.2 Poison Magic
 + Level 5.3 Invocations
 + Level 4.8 Evocations


You had 7 spell levels left.
You knew the following spells:

 Your Spells              Type           Power        Failure   Level  Hunger
b - Blink                 Tloc           N/A          6%          2    None
h - Magic Dart            Conj           ###.         1%          1    None
l - Conjure Flame         Conj/Fire      ####....     7%          3    ##.....
o - Mephitic Cloud        Conj/Pois/Air  ###.....     7%          3    ##.....

Your spell library contained the following spells:

 Spells                   Type           Power        Failure   Level  Hunger
 Apportation              Tloc           ##....       4%          1    None
 Summon Small Mammal      Summ           ##..         4%          1    None
 Animate Skeleton         Necr           N/A          6%          1    None
 Beastly Appendage        Tmut           #.....       6%          1    None
 Confusing Touch          Hex            #.....       6%          1    None
 Call Imp                 Summ           ##......     6%          2    None
 Slow                     Hex            #.......     10%         2    None
 Sticks to Snakes         Tmut           #.......     10%         2    None
 Spider Form              Tmut/Pois      ##........   12%         3    ##.....
 Ice Form                 Ice/Tmut       #.......     54%         4    ####...
 Blade Hands              Tmut           #.........   87%         5    #####..


Dungeon Overview and Level Annotations

Branches:
Dungeon (8/15)             Temple (0/1) D:4
   Lair: D:8-11

Altars:
Cheibriados
Dithmenos
Gozag
Hepliaklqana
Makhleb
Okawaru
Qazlal
Trog
Uskayaw
Vehumet
Wu Jian
Yredelemnul
Zin

Shops:
D:4 :   D:5 ?(}   D:6 :   D:7 [

Annotations:
D:7 3 runed translucent doors, melvinkitnick's ghost, novice MfTm


Innate Abilities, Weirdness & Mutations

You cannot wear boots.
Your serpentine skin is tough. (AC +3)
You have supernaturally acute eyesight. (SInv)
Armour fits poorly on your strangely shaped body.
Your system is resistant to poisons. (rPois)
You cover ground very slowly.
You have a slow metabolism.
You can spit poison.


Message History

There is a stone staircase leading down here.
There is a stone staircase leading up here.
You climb upwards.
There is a stone staircase leading down here.
You are feeling very hungry.
You can't go down here!
You eat one of the 13 rations.
That ration really hit the spot!
(D) Dungeon (T) Temple
Where to? (Enter - D:5 @ (x,y), ? - help)
There is an entrance to Mirukigg's Antique Weapon Shop here.
L - an ichor-stained executioner's axe Thank you for shopping at Mirukigg's Antique Weapon Shop!
Take off which item? (? for menu, Esc to quit)
You start removing your armour.
You continue taking off your +0 buckler. x4
You finish taking off your +0 buckler.
Wield which item (- for none, * to show all)? (? for menu, Esc to quit)
You sense an unholy aura.
It sticks to your hand!
L - the cursed +0 executioner's axe "Meumaxku" (weapon)
{drain, -Tele *Slow rC+ MR+ SInv} Are you sure you want to abandon this character and quit the game? (Confirm with "yes".)

##....#..........#..#
#...................#
###..............##)#
#..........##......'
#...........##...#.'
##..........##..##.#
##.........#....###
###...............##
###.@..#......#...###
#........#....#....##
###..#...##.........#
#....#########.....##
##>....# #######
###..## ####


There were no monsters in sight!

Vanquished Creatures
  A hungry ghost (D:7)
  Duvessa (D:5)
  2 orc warriors
  An ice beast (D:4)
  A sky beast (D:8)
  2 phantoms (D:8)
  2 ogres
  3 centaurs
  A necrophage (D:3)
  A big kobold (Sewer)
  A bullfrog (D:6)
  A scorpion (D:4)
  Dowan (D:5)
  2 howler monkeys (D:5)
  A crimson imp (D:8)
  A bullfrog zombie (D:6)
  A quasit (D:7)
  3 hounds
  5 orc wizards
  A bullfrog skeleton (D:3)
  An iguana (D:7)
  2 worker ants
  2 hound zombies
  A howler monkey zombie (D:7)
  6 gnolls (D:6)
  10 adders
  A river rat (Sewer)
  A shadow imp (D:7)
  An ooze (D:3)
  An adder skeleton (D:6)
  4 worms
  A dart slug (D:1)
  2 leopard geckos
  19 orcs
  12 bats
  5 giant cockroaches
  3 goblins
  7 hobgoblins
  2 jackals (Sewer)
  15 kobolds
  5 quokkas
  3 ball pythons
  3 frilled lizards
  3 leopard gecko skeletons
  8 rats
150 creatures vanquished.

Vanquished Creatures (others)
  5 toadstools (D:1)
5 creatures vanquished.

Grand Total: 155 creatures vanquished

Notes
Turn   | Place    | Note
-------+----------+-------------------------------------------
     0 | D:1      | Duffy the Naga Wizard began the quest for the Orb.
     0 | D:1      | Reached XP level 1. HP: 15/15 MP: 4/4
   367 | D:1      | Reached XP level 2. HP: 22/22 MP: 3/6
  1059 | D:2      | Reached XP level 3. HP: 28/28 MP: 4/8
  1092 | D:2      | Learned a level 3 spell: Conjure Flame
  1096 | D:2      | Learned a level 3 spell: Mephitic Cloud
  1099 | D:2      | Learned a level 2 spell: Blink
  1897 | D:2      | Reached XP level 4. HP: 36/36 MP: 0/9
  2090 | D:2      | Reached skill level 1 in Poison Magic
  2543 | D:3      | Reached skill level 1 in Fire Magic
  2659 | D:3      | Reached skill level 1 in Air Magic
  2702 | D:3      | Found an opulent altar of Gozag.
  2708 | D:3      | Found a burning altar of Makhleb.
  2710 | D:3      | Found a radiant altar of Vehumet.
  2710 | D:3      | Found a glowing silver altar of Zin.
  2711 | D:3      | Found a snail-covered altar of Cheibriados.
  2719 | D:3      | Found a hide-covered altar of Uskayaw.
  2721 | D:3      | Found a stormy altar of Qazlal.
  2735 | D:3      | Became a worshipper of Cheibriados the Contemplative
  2970 | D:3      | Found a shadowy altar of Dithmenos.
  3068 | D:3      | Noticed a necrophage
  3080 | D:3      | Killed a necrophage
  3080 | D:3      | Reached XP level 5. HP: 36/42 MP: 1/11
  3233 | D:3      | Reached XP level 6. HP: 32/49 MP: 0/12
  3432 | D:3      | Found an ornate altar of the Wu Jian Council.
  3492 | D:3      | Reached * piety under Cheibriados
  3663 | D:4      | Reached skill level 1 in Axes
  3688 | D:4      | Found a staircase to the Ecumenical Temple.
  3700 | D:4      | Reached skill level 2 in Axes
  4222 | D:4      | Found a basalt altar of Yredelemnul.
  4413 | D:4      | Found Naapumaote's Book Shoppe.
  4561 | D:5      | Entered Level 5 of the Dungeon
  4568 | D:5      | Found a glowing drain.
  4569 | D:5      | Found Estoc's Gadget Boutique.
  4595 | Sewer    | Entered a sewer
  4601 | Sewer    | Reached ** piety under Cheibriados
  4722 | Sewer    | Reached skill level 3 in Axes
  4886 | Sewer    | Found a white marble altar of Elyvilon.
  5027 | D:5      | Reached XP level 7. HP: 49/55 MP: 13/13
  5120 | D:5      | Reached skill level 4 in Axes
  5235 | D:5      | Noticed Duvessa
  5236 | D:5      | Noticed Dowan
  5248 | D:5      | Killed Dowan
  5256 | D:5      | Found Mirukigg's Antique Weapon Shop.
  5494 | D:4      | Reached skill level 1 in Shields
  5608 | D:5      | Killed Duvessa
  5612 | D:5      | Reached skill level 5 in Axes
  5622 | D:5      | Reached *** piety under Cheibriados
  5906 | D:5      | Got a steaming spear
  5965 | D:5      | Found Xucwug's Magic Scroll Shop.
  6003 | D:5      | Found a bloodstained altar of Trog.
  6138 | D:6      | Reached XP level 8. HP: 24/62 MP: 8/14
  6145 | D:6      | Reached skill level 1 in Invocations
  6145 | D:6      | Reached skill level 1 in Evocations
  7010 | D:6      | Found Dedghun's Book Boutique.
  7343 | D:6      | Reached skill level 6 in Axes
  7396 | D:6      | Found an iron altar of Okawaru.
  7691 | D:7      | Reached XP level 9. HP: 35/68 MP: 15/15
  7695 | D:7      | Reached **** piety under Cheibriados
  7713 | D:7      | Identified the cursed +2 spear of Eternal Harmony {elec,
                  | rF+ rN+ Dex-4} (You found it on level 5 of the Dungeon)
  7872 | D:7      | Found a runed translucent gate.
  7874 | D:7      | Found a runed translucent gate.
  7875 | D:7      | Found a runed translucent gate.
  7876 | D:7      | Found an opulent altar of Gozag.
  7878 | D:7      | Noticed melvinkitnick's ghost (novice MfTm)
  7879 | D:7      | Noticed a deep elf mage
  7892 | D:7      | Found Pirghouky's Armour Shoppe.
  7944 | D:7      | Found a hazy altar of Hepliaklqana.
  8237 | D:7      | Got a faintly humming robe
  8409 | D:8      | Reached skill level 7 in Axes
  8649 | D:8      | Reached skill level 5 in Invocations
  8758 | D:8      | Found a shadowy altar of Dithmenos.
  9041 | D:5      | Bought an ichor-stained executioner's axe for 315 gold
                  | pieces
  9046 | D:5      | Identified the cursed +0 executioner's axe "Meumaxku"
                  | {drain, -Tele *Slow rC+ MR+ SInv} (You bought it in a shop
                  | on level 5 of the Dungeon)
  9047 | D:5      | Quit the game

Levels and vault maps discovered:
D:1:      ldierk_walled_garden, layout_rooms
D:2:      layout_loops_corners
D:3:      layout_basic, overflow_temple_1_default, minitemple,
          overflow_temple_1_default
D:4:      layout_gridville, lemuel_round_altar,
          minmay_temple_entry_drinking_statues, serial_shops,
          nicolae_shop_trees, first_ration
D:5:      layout_cave_pools, lightli_temple_of_fire, serial_shops, shop, shop,
          shop, cheibrodos_sewer_entry_sluice, kennysheep_generic_room_12,
          uniq_duvessa
D:6:      layout_basic, serial_shops, shop, okawaru_altar_gauntlet_db
D:7:      layout_basic, old_standard_altar, serial_shops, shop,
          ebering_ghost_gozag
D:8:      layout_layer_cave, chequers_jeans, the_bakery,
          grunt_dithmenos_shadows, uniq_gastronok
Sewer:    sewer_kobolds

Skill      XL: |  1  2  3  4  5  6  7  8  9 |
---------------+----------------------------+-----
Conjurations   | 2 3 |  3.0
Poison Magic   | 2 |  2.2
Fire Magic     | 1 2 |  2.1
Air Magic      | 1 2 |  2.0
Spellcasting   | 4 |  4.0
Axes           | 3 5 6 7 |  7.2
Shields        | 2 |  2.4
Invocations    | 4 5 |  5.3
Evocations     | 3 4 |  4.8
Dodging        | |  1.5
Stealth        | |  3.0
Summonings     | |  1.0
Translocations | |  1.0

Action                   |  1- 3 |  4- 6 |  7- 9 || total
-------------------------+-------+-------+-------++-------
Melee: Whip              |    14 |       |       ||    14
       Spear             |    22 |     8 |       ||    30
       War axe           |       |   139 |   246 ||   385
 Cast: Magic Dart        |    82 |    61 |    15 ||   158
       Mephitic Cloud    |       |     1 |    11 ||    12
       Blink             |       |       |     2 ||     2
 Abil: Spit Poison       |     5 |     7 |     2 ||    14
Evoke: Wand              |       |       |     7 ||     7
  Use: Scroll            |       |     7 |     7 ||    14
       Potion            |       |       |     2 ||     2
 Stab: Sleeping          |       |     7 |     7 ||    14
       Confused          |       |     1 |     3 ||     4
       Distracted        |       |     1 |     1 ||     2
       Paralysed         |       |       |     2 ||     2
  Eat: Chunk             |     2 |     7 |     5 ||    14
       Ration            |       |       |     4 ||     4
Armor: Robe              |    13 |   100 |    95 ||   208
Dodge: Dodged            |    30 |   128 |   186 ||   344
Block: Buckler           |       |       |    72 ||    72

Table legend:
 A = Non-vault XP
 B = Vault XP
 C = Vault XP percentage of total XP
 D = Non-vault monster count
 E = Vault monster count
 F = Vault count percentage of total count
                 A         B        C        D         E       F
            +---------+---------+-------+---------+---------+-------
      Total |    2808 |     489 |  14.8 |     127 |      23 |  15.3
            +---------+---------+-------+---------+---------+-------
        D:1 |      30 |       0 |   0.0 |      19 |       0 |   0.0
        D:2 |      70 |       0 |   0.0 |      17 |       0 |   0.0
        D:3 |     258 |       0 |   0.0 |      24 |       0 |   0.0
        D:4 |     243 |       0 |   0.0 |      12 |       0 |   0.0
        D:5 |     232 |     213 |  47.9 |      12 |       4 |  25.0
        D:6 |     698 |      35 |   4.8 |      21 |       6 |  22.2
        D:7 |     841 |       0 |   0.0 |      17 |       0 |   0.0
        D:8 |     436 |     118 |  21.3 |       5 |       1 |  16.7
      Sewer |       0 |     123 | 100.0 |       0 |      12 | 100.0
            +---------+---------+-------+---------+---------+-------
